 Dungeon Crawl Stone Soup version 0.17-a0-1533-g2f57bce (webtiles) character file.

119966 nubinia the Eclecticist (level 16, -4/90 HPs)
             Began as a High Elf Air Elementalist on July 14, 2015.
             Was the Champion of Sif Muna.
             Slain by a seven-headed hydra (15 damage)
             ... on level 4 of the Swamp on July 16, 2015.
             The game lasted 06:11:53 (37582 turns).

nubinia the Eclecticist (HEAE)                     Turns: 37582, Time: 06:11:54

Health: -4/90      AC: 12    Str:  5    XL:     16   Next: 29%
Magic:  12/55      EV: 21    Int: 24    God:    Sif Muna [******]
Gold:   3223       SH:  0    Dex: 18    Spells: 12 memorised, 4 levels left

rFire  . . .     SeeInvis .     a - +2 shortbow (evade)
rCold  + + +     Clarity  .     P - +3 leather armour {MR+}
rNeg   . . .     SustAt   .     (no shield)
rPois  +         Gourm    .     x - +2 hat "Poipicel" {rElec rC+++}
rElec  +         Spirit   .     J - +1 cloak
rCorr  .         Warding  .     G - +0 pair of gloves
rMut   .         Stasis   .     H - +0 pair of boots
MR     ++...                    I - amulet of faith
Stlth  +++.......               T - ring of magical power
                                Y - ring "Ruppanext" {rPois MP+9 EV+1 Str-3}

@: very slightly contaminated, deflect missiles, very resistant to hostile
enchantments, fairly stealthy
A: hooves 1, blink 1, spit poison 1
a: Spit Poison, Blink, Channel Energy, Forget Spell, Renounce Religion


You were on level 4 of the Swamp.
You worshipped Sif Muna.
Sif Muna was exalted by your worship.
You were not hungry.

You visited 5 branches of the dungeon, and saw 29 of its levels.
You also visited: Sewer, Ossuary and Volcano.

You collected 3223 gold pieces.

Inventory:

Hand weapons
 a - a +2 shortbow of evasion (weapon)
 m - a +2 dagger of protection
 B - a +0 blowgun
 R - a +3 shortbow
Missiles
 p - 126 arrows (quivered)
 q - 17 poisoned arrows
 L - 13 arrows of flame
 N - 84 poisoned needles
 U - 8 curare-tipped needles
 X - 15 arrows of frost
Armour
 x - the +2 hat "Poipicel" (worn) {rElec rC+++}
   (You acquired it on level 4 of the Orcish Mines)

   It renders you almost immune to cold.
   It insulates you from electricity.
 y - a +2 robe of the Archmagi
 G - a +0 pair of gloves (worn)
 H - a +0 pair of boots (worn)
 J - a +1 cloak (worn)
 P - a +3 leather armour of magic resistance (worn)
Jewellery
 n - an uncursed amulet of resist mutation
 s - an uncursed ring of teleportation
 u - an uncursed amulet of clarity
 z - an uncursed ring of protection from fire
 I - an amulet of faith (around neck)
 O - an uncursed ring of stealth
 T - a ring of magical power (right hand)
 Y - the ring "Ruppanext" (left hand) {rPois MP+9 EV+1 Str-3}
   (You found it on level 2 of the Lair of Beasts)

   [ring of evasion]

   It affects your evasion (+1).
   It affects your strength (-3).
   It protects you from poison.
   It affects your magic capacity (+9).
 Z - an uncursed amulet of resist corrosion
Magical devices
 h - a wand of teleportation (5)
 w - a wand of hasting (7)
 F - a wand of fireball (3)
 Q - a wand of fire (5)
Scrolls
 k - 6 scrolls of remove curse
 o - 16 scrolls of identify
 K - 2 scrolls of teleportation
 S - a scroll of holy word
 V - a scroll of recharging
 W - 2 scrolls of enchant weapon
Potions
 c - a potion of flight
 d - a potion of heal wounds
 e - 4 potions of curing
 f - 2 potions of resistance
 j - 3 potions of cancellation
 l - 8 potions of brilliance
 t - 3 potions of might
 v - 3 potions of invisibility
 D - 6 potions of agility
 M - 4 potions of magic
Books
 C - Sif Muna's Compendium of Battle Magic
   (Sif Muna gifted it to you on level 2 of the Swamp)

   Spells                             Type                      Level
   a - Fireball                       Conjuration/Fire             5
   b - Orb of Destruction             Conjuration                  7
   c - Chain Lightning                Conjuration/Air              8
Miscellaneous
 E - a fan of gales
Comestibles
 A - 21 meat rations


   Skills:
 + Level 2.1 Fighting
 + Level 0.8 Short Blades
 + Level 10.0 Bows
 + Level 2.6 Throwing
 + Level 2.6 Armour
 + Level 6.5 Dodging
 + Level 5.7 Stealth
 * Level 16.2 Spellcasting
 * Level 13.9 Conjurations
 * Level 11.6 Charms
 + Level 3.6 Summonings
 + Level 1.1 Necromancy
 * Level 8.3 Translocations
 * Level 13.7 Air Magic
 - Level 2.6 Poison Magic
 - Level 8.0 Invocations
 + Level 0.2 Evocations


You had 4 spell levels left.
You knew the following spells:

 Your Spells              Type           Power        Failure   Level  Hunger
a - Shock                 Conj/Air       ####         0%          1    None
b - Airstrike             Air            ######....   1%          4    None
c - Mephitic Cloud        Conj/Pois/Air  ######..     1%          3    None
d - Swiftness             Chrm/Air       ######..     1%          2    None
e - Deflect Missiles      Chrm/Air       ######....   4%          6    ####...
f - Summon Lightning Spi  Summ/Air       ######..     1%          4    None
g - Shroud of Golubria    Chrm/Tloc      ######....   1%          2    None
h - Fulminant Prism       Conj/Hex       ######....   2%          4    None
i - Iskenderun's Battles  Conj/Chrm      ######..     1%          5    #......
j - Iskenderun's Mystic   Conj           ######..     1%          4    None
l - Lightning Bolt        Conj/Air       ######....   1%          5    #......
R - Regeneration          Chrm/Necr      ######....   1%          3    None


Dungeon Overview and Level Annotations

Branches:
Dungeon (12/15)            Temple (1/1) D:6            Lair (8/8) D:10
  Swamp (4/4) Lair:5       Spider (0/4) Lair:4        Slime (0/6) Lair:7
    Orc (4/4) D:11            Elf (0/3) Orc:4

Altars:
Ashenzari
Cheibriados
Dithmenos
Elyvilon
Fedhas
Gozag
Kikubaaqudgha
Makhleb
Nemelex Xobeh
Okawaru
Qazlal
Ru
Sif Muna
Trog
Vehumet
Xom
Yredelemnul
Zin
The Shining One
Jiyva

Shops:
D:11 :   Orc:1 !   Orc:4 %![}

Portals:
Hell: Lair:8
Pandemonium: Orc:4

Annotations:
D:9 exclusions: ice statue and obsidian statue
D:11 exclusion: ice statue


Innate Abilities, Weirdness & Mutations

You have large cloven feet.
You can translocate small distances at will.
You can spit weak poison.


Message History

Casting: Airstrike
Confirm with . or Enter, or press ? or * to list all spells.
Aiming: Iskenderun's Mystic Blast
Press: ? - help, Shift-Dir - straight line, f/p - seven-headed hydra
Aim: a seven-headed hydra (steam, water, moderately wounded)
The orb of energy hits the seven-headed hydra.
The seven-headed hydra is heavily wounded.
The seven-headed hydra is engulfed in a cloud of scalding steam.
Casting: Iskenderun's Mystic Blast
Confirm with . or Enter, or press ? or * to list all spells.
Aiming: Airstrike
Press: ? - help, Dir - move target cursor, f/p - seven-headed hydra
Aim: a seven-headed hydra (steam, water, heavily wounded)
The air twists around and strikes the seven-headed hydra!
The seven-headed hydra is severely wounded.
The seven-headed hydra is engulfed in a cloud of scalding steam.
The seven-headed hydra bites you!
* * * LOW HITPOINT WARNING * * *
The seven-headed hydra bites you!
You die...

♣♣≈♣♣ ♣♣≈≈≈†≈♣ ♣♣≈≈...≈≈.≈≈.♣
♣≈≈.♣♣♣ ♣≈≈≈..♣♣♣≈≈≈≈≈≈≈≈.≈≈≈♣
♣.≈≈≈.♣♣♣♣§≈...≈≈≈≈≈♣♣♣≈♣♣.≈.♣
§≈.....≈♣...≈≈≈≈.≈♣♣♣♣..♣≈..♣♣
.≈..≈...≈≈≈≈≈≈≈≈.♣♣§.♣≈≈§§≈.♣
.≈≈♣♣.≈.≈.≈≈≈≈≈≈≈.§.≈.§≈♣≈§§♣
.≈..♣.≈≈≈≈≈≈≈.≈≈≈.≈§§≈≈.♣§§§♣
...♣♣♣.≈≈≈≈≈≈.≈≈♣§§§§≈≈.♣≈§♣♣
≈..♣ ♣♣≈≈≈≈≈≈≈♣♣@D≈≈≈§.♣♣§≈♣
..≈♣♣♣.)≈≈≈...≈≈8≈≈≈...♣♣§§♣♣
...≈♣♣§/≈≈≈≈≈≈≈..≈≈≈...♣D≈≈≈♣
♣≈≈♣†≈≈.≈≈≈.♣♣..≈.§......≈≈.♣
♣≈..♣♣≈.≈≈≈.♣♣♣≈♣≈..≈≈..≈≈≈≈♣
≈≈≈♣♣♣♣♣.f.≈♣ ♣♣♣.≈.♣♣≈.≈≈≈≈♣
.≈≈.♣≈..♣♣♣♣♣ ♣♣.≈≈≈≈...♣≈≈:♣
≈≈≈..≈≈≈≈♣♣ ♣♣..≈≈.≈≈≈.≈...♣
.§§≈.≈≈...♣ ♣♣≈♣.≈≈≈≈≈.....§♣


You could see a seven-headed hydra and a friendly lightning spire.

Vanquished Creatures
  5 thorn hunters
  Aizul (Swamp:1)
  Louise (Swamp:3)
  A dire elephant (Lair:7)
  An ettin (Orc:4)
  21 hydras
  Fannar (D:10)
  Harold (D:11)
  Erolcha (D:9)
  2 ghost crabs
  Erica (D:11)
  A centaur warrior (D:9)
  6 orc high priests (Orc:4)
  4 alligators
  4 death yaks (Lair:6)
  Urug (Lair:2)
  A sun demon (Lair:8)
  Sonja (D:11)
  An ice devil (Orc:4)
  A putrid demonspawn (Orc:4)
  A spriggan druid (Swamp:4)
  7 swamp dragons
  2 shambling mangroves
  A torturous demonspawn (Orc:4)
  4 hill giants
  5 orc knights
  A wizard (Lair:8)
  7 orc sorcerers
  5 griffons
  A hornet (Swamp:1)
  An oklob plant (Orc:4)
  A toenail golem (Volcano)
  2 cyclopes (D:11)
  2 sixfirhies
  Joseph (D:9)
  7 black mambas
  3 fire drakes
  A smoke demon (Orc:4)
  3 orange demons
  An efreet (Volcano)
  24 spiny frogs
  A hellwing (Orc:4)
  2 red devils
  9 komodo dragons
  2 trolls
  A boulder beetle (Lair:6)
  2 blue devils (Lair:8)
  5 giant leeches
  14 slime creatures
  3 spriggans
  2 deep elf magi
  7 bog bodies
  20 blink frogs
  3 shadows
  A human (D:7)
  2 basilisks
  3 trapdoor spiders (Lair:4)
  A wyvern (D:11)
  A hungry ghost (D:7)
  42 yaks
  16 vampire mosquitoes
  14 hippogriffs
  15 insubstantial wisps
  17 swamp worms
  12 porcupines
  5 wargs
  11 water moccasins
  12 wolves
  21 orc warriors
  9 ogres
  4 wasps
  13 swamp drakes
  A sky beast (D:6)
  An ice beast (D:11)
  4 black bears
  A hell hound (Lair:8)
  15 crocodiles
  2 necrophages
  3 centaurs
  3 big kobolds
  15 giant frogs
  3 elf zombies (Ossuary)
  A scorpion (D:8)
  4 electric eels (D:11)
  4 killer bees (D:8)
  2 wights (D:7)
  A quasit (D:8)
  8 crimson imps
  2 hounds
  22 orc wizards
  34 orc priests
  14 worker ants
  A giant frog skeleton (D:11)
  8 iguanas
  39 sheep
  A killer bee zombie (D:6)
  A hound zombie (Ossuary)
  4 mummies (Ossuary)
  3 gnolls (D:9)
  A worker ant zombie (D:5)
  60 river rats
  2 shadow imps
  12 adders
  4 oozes (Sewer)
  3 worms
  An adder skeleton (D:6)
  7 giant geckos
  147 orcs
  A bat skeleton (D:8)
  A bat zombie (D:7)
  21 hobgoblins
  9 jackals
  5 quokkas
  6 ball pythons
  19 bats
  4 giant cockroaches
  8 giant newts
  A gnoll zombie (Ossuary)
  22 goblins
  2 goblin zombies (Ossuary)
  A hobgoblin zombie (Ossuary)
  2 jackal zombies (Ossuary)
  18 kobolds
  16 rats
  2 rat zombies (Ossuary)
  A briar patch (Swamp:3)
  5 fungi
  4 plants
988 creatures vanquished.

Vanquished Creatures (collateral kills)
  2 thorn hunters (Swamp:4)
  A hydra (Lair:1)
  A catoblepas (Lair:8)
  2 death yaks (Lair:6)
  2 alligators
  A shambling mangrove (Swamp:3)
  An orc knight (Orc:4)
  A griffon (Lair:8)
  An ugly thing (D:11)
  A hellwing (Lair:8)
  2 red devils (Lair:8)
  2 blue devils (Lair:8)
  2 slime creatures
  A giant leech (Swamp:2)
  2 blink frogs (Swamp:1)
  2 spriggans (Swamp:2)
  2 basilisks (Lair:8)
  A hippogriff (Lair:8)
  A swamp worm (Swamp:2)
  7 orc warriors
  An ogre (Orc:1)
  4 wasps
  3 orc priests (Orc:4)
  3 orc wizards
  6 river rats
  17 orcs
  2 kobolds (D:11)
  A briar patch (Swamp:3)
72 creatures vanquished.

Vanquished Creatures (others)
  A hydra (Swamp:4)
  A phantom (D:7)
  A big kobold (D:7)
  A wight (D:7)
  An orc priest (D:7)
  3 orcs
  A giant cockroach (D:6)
  A kobold (D:6)
  2 bushes
  32 fungi
  23 plants
67 creatures vanquished.

Grand Total: 1127 creatures vanquished

Notes
Turn   | Place    | Note
--------------------------------------------------------------
     0 | D:1      | nubinia the High Elf Air Elementalist began the quest for the Orb.
     0 | D:1      | Reached XP level 1. HP: 11/11 MP: 4/4
   246 | D:1      | Reached skill level 4 in Air Magic
   437 | D:1      | Reached XP level 2. HP: 15/17 MP: 3/6
   479 | D:1      | Learned a level 2 spell: Repel Missiles
   482 | D:1      | Learned a level 2 spell: Swiftness
  1512 | D:2      | Reached XP level 3. HP: 21/21 MP: 5/8
  1627 | D:2      | Learned a level 1 spell: Sting
  1911 | D:2      | Found a stormy altar of Qazlal.
  2483 | D:3      | Reached XP level 4. HP: 27/27 MP: 1/10
  2559 | D:3      | Learned a level 3 spell: Mephitic Cloud
  2851 | D:3      | Found an ancient bone altar of Kikubaaqudgha.
  2851 | D:3      | Found a bloodstained altar of Trog.
  2906 | D:3      | Found a sparkling altar of Nemelex Xobeh.
  3507 | D:4      | Reached XP level 5. HP: 31/31 MP: 6/12
  3544 | D:4      | Found a sand-covered staircase.
  3588 | Ossuary  | Entered an ossuary
  3623 | Ossuary  | Reached skill level 5 in Air Magic
  3905 | Ossuary  | Reached skill level 5 in Spellcasting
  3905 | Ossuary  | Reached XP level 6. HP: 25/37 MP: 4/14
  3946 | Ossuary  | Reached skill level 1 in Fighting
  4314 | Ossuary  | Learned a level 3 spell: Static Discharge
  4317 | Ossuary  | Learned a level 2 spell: Cure Poison
  4661 | D:4      | Found a shadowy altar of Dithmenos.
  4693 | D:4      | Reached XP level 7. HP: 43/43 MP: 13/16
  4779 | D:4      | Found a radiant altar of Vehumet.
  4987 | D:5      | Entered Level 5 of the Dungeon
  5059 | D:5      | Found a shimmering altar of Xom.
  5179 | D:5      | Reached skill level 6 in Spellcasting
  5244 | D:5      | Found a glowing drain.
  5248 | Sewer    | Entered a sewer
  5838 | Sewer    | Reached skill level 5 in Conjurations
  6073 | D:5      | Found a glowing silver altar of Zin.
  6110 | D:5      | Reached XP level 8. HP: 48/48 MP: 10/19
  6356 | D:5      | Reached skill level 7 in Spellcasting
  6617 | D:5      | Found a shattered altar of Ashenzari.
  7067 | D:6      | Reached skill level 1 in Bows
  7218 | D:6      | Found a staircase to the Ecumenical Temple.
  7227 | Temple   | Entered the Ecumenical Temple
  7499 | D:6      | Found a basalt altar of Yredelemnul.
  7684 | D:6      | Reached skill level 8 in Spellcasting
  8190 | D:7      | Reached skill level 1 in Poison Magic
  8270 | D:7      | Reached XP level 9. HP: 53/53 MP: 17/22
  8439 | D:7      | Noticed Joseph
  9113 | D:7      | Reached skill level 5 in Bows
  9545 | D:8      | Found a blossoming altar of Fedhas.
  9741 | D:8      | Reached skill level 9 in Spellcasting
 10065 | D:8      | Gained mutation: You have large cloven feet. [potion of mutation]
 10065 | D:8      | Gained mutation: You can spit weak poison. [potion of mutation]
 10065 | D:8      | Gained mutation: You can translocate small distances at will. [potion of mutation]
 10251 | D:9      | Learned a level 5 spell: Lightning Bolt
 11221 | D:9      | Found a runed door.
 11311 | D:9      | Killed Joseph
 11376 | D:9      | Found a deep blue altar of Sif Muna.
 11384 | D:9      | Became a worshipper of Sif Muna the Loreminder
 11492 | D:9      | You fall through a shaft for 3 floors!
 11492 | D:12     | Noticed a manticore
 11514 | D:11     | Noticed a purple ugly thing
 11670 | D:10     | Entered Level 10 of the Dungeon
 11730 | D:10     | Found a sparkling altar of Nemelex Xobeh.
 11758 | D:10     | Noticed Fannar
 11790 | D:10     | Reached skill level 1 in Charms
 12046 | D:9      | Noticed an ice statue
 12077 | D:9      | Noticed Erolcha
 12112 | D:9      | Killed Erolcha
 12112 | D:9      | Reached skill level 10 in Spellcasting
 12112 | D:9      | Reached XP level 10. HP: 55/59 MP: 16/25
 12158 | D:9      | Acquired Sif Muna's first power
 12158 | D:9      | Reached skill level 1 in Throwing
 12344 | D:9      | Reached skill level 1 in Invocations
 12402 | D:9      | Noticed an obsidian statue
 12622 | D:9      | Noticed a griffon
 12639 | D:9      | Killed a griffon
 12704 | D:9      | Noticed a centaur warrior
 12718 | D:9      | Noticed a hill giant
 12721 | D:9      | Killed a centaur warrior
 12721 | D:9      | Acquired Sif Muna's second power
 12723 | D:9      | Noticed an orc sorcerer
 12734 | D:9      | Killed an orc sorcerer
 12750 | D:9      | Killed a hill giant
 13155 | D:10     | Found a staircase to the Lair.
 13431 | D:10     | Noticed a hill giant
 13449 | D:10     | Noticed a griffon
 13480 | D:10     | Killed a griffon
 13522 | D:10     | Killed a hill giant
 13522 | D:10     | Reached XP level 11. HP: 63/63 MP: 21/26
 13807 | Lair:1   | Entered Level 1 of the Lair of Beasts
 13911 | D:10     | Reached skill level 1 in Armour
 14098 | D:10     | Reached skill level 5 in Charms
 14845 | D:10     | Reached skill level 11 in Spellcasting
 15158 | Lair:1   | Acquired Sif Muna's third power
 15433 | Lair:1   | Noticed a six-headed hydra
 15543 | Lair:1   | Noticed a five-headed hydra
 15644 | Lair:1   | Killed a six-headed hydra
 15774 | Lair:1   | Killed a five-headed hydra
 16168 | Lair:2   | Noticed Urug
 16227 | Lair:2   | Upgraded the game from 0.17-a0-1522-g6c5b4ba to 0.17-a0-1528-gfee3901
 16259 | Lair:2   | Noticed a six-headed hydra
 16272 | Lair:2   | Killed a six-headed hydra
 16305 | Lair:1   | Reached skill level 5 in Dodging
 16490 | Lair:2   | Killed Urug
 16490 | Lair:2   | Reached XP level 12. HP: 48/69 MP: 19/28
 16877 | Lair:2   | Reached skill level 10 in Conjurations
 16886 | Lair:2   | Reached skill level 5 in Invocations
 17086 | Lair:2   | Reached skill level 10 in Air Magic
 17431 | Lair:2   | Got a translucent wooden ring
 17432 | Lair:2   | Identified the ring "Ruppanext" {rPois MP+9 EV+1 Str-3} (You found it on level 2 of the Lair of Beasts)
 17623 | Lair:2   | Reached skill level 12 in Spellcasting
 17866 | Lair:3   | Noticed a six-headed hydra
 17989 | Lair:3   | Received a gift from Sif Muna
 17990 | Lair:3   | Identified Sif Muna's Handbook of Combat Magic and the Birds (Sif Muna gifted it to you on level 3 of the Lair of Beasts)
 17996 | Lair:3   | Learned a level 4 spell: Iskenderun's Mystic Blast
 18834 | Lair:3   | Killed a six-headed hydra
 18965 | Lair:4   | Found a hole to the Spider Nest.
 19934 | Lair:5   | Learned a level 3 spell: Regeneration
 19944 | Lair:5   | Learned a level 2 spell: Shroud of Golubria
 20035 | Lair:5   | Found a staircase to the Swamp.
 20039 | Lair:5   | Noticed a five-headed hydra
 20044 | Lair:5   | Killed a five-headed hydra
 20099 | Lair:5   | Learned a level 4 spell: Summon Lightning Spire
 21080 | Lair:6   | Received a gift from Sif Muna
 21080 | Lair:6   | Reached skill level 1 in Translocations
 21080 | Lair:6   | Reached XP level 13. HP: 74/74 MP: 30/30
 21081 | Lair:6   | Identified Sif Muna's Tome of Floating Confrontation (Sif Muna gifted it to you on level 6 of the Lair of Beasts)
 21086 | Lair:6   | Learned a level 3 spell: Conjure Flame
 21178 | Lair:6   | Reached skill level 1 in Summonings
 21440 | Lair:6   | Reached skill level 5 in Stealth
 22395 | Lair:6   | Reached skill level 13 in Spellcasting
 22927 | Lair:7   | Found a viscous altar of Jiyva.
 22928 | Lair:7   | Found a staircase to the Slime Pits.
 23502 | Lair:7   | Received a gift from Sif Muna
 23897 | Lair:8   | Entered Level 8 of the Lair of Beasts
 24067 | Lair:8   | Noticed a dire elephant
 24356 | Lair:8   | Got a dazzling falchion
 24357 | Lair:8   | Identified the +6 falchion of Guixonu {antimagic, +Fly rPois MR- Int+2 Dex+4} (You found it on level 8 of the Lair of Beasts)
 24968 | Lair:7   | Killed a dire elephant
 25604 | Lair:8   | Reached XP level 14. HP: 30/80 MP: 13/32
 26113 | Lair:8   | Received a gift from Sif Muna
 26114 | Lair:8   | Identified Sif Muna's Reference Book on Conjuration (Sif Muna gifted it to you on level 8 of the Lair of Beasts)
 26221 | Lair:8   | Found a burning altar of Makhleb.
 26229 | Lair:8   | Found a gateway to Hell.
 26573 | Lair:1   | Noticed an eight-headed hydra
 26640 | D:10     | Killed Fannar
 26659 | Lair:1   | Killed an eight-headed hydra
 26689 | Lair:1   | Learned a level 5 spell: Iskenderun's Battlesphere
 26787 | D:11     | Killed a purple ugly thing
 26791 | D:11     | Noticed a hill giant
 26802 | D:11     | Noticed Erica
 26805 | D:11     | Killed a hill giant
 27109 | D:11     | Killed Erica
 27187 | D:11     | Noticed a cyclops
 27198 | D:11     | Upgraded the game from 0.17-a0-1528-gfee3901 to 0.17-a0-1533-g2f57bce
 27217 | D:11     | Killed a cyclops
 27246 | D:11     | Found a staircase to the Orcish Mines.
 27309 | D:11     | Noticed Harold
 27328 | D:11     | Killed Harold
 27354 | D:11     | Found Quocket's Book Shop.
 27373 | D:11     | Noticed a cyclops
 27377 | D:11     | Killed a cyclops
 27403 | D:11     | Noticed Sonja
 27406 | D:11     | Killed Sonja
 27797 | D:11     | Noticed an ice statue
 27999 | Orc:1    | Entered Level 1 of the Orcish Mines
 28051 | Orc:2    | Reached skill level 5 in Translocations
 28370 | Orc:1    | Reached skill level 14 in Spellcasting
 28620 | Orc:2    | Found a bloodstained altar of Trog.
 28720 | Orc:1    | Found Qoekoweke's Distillery.
 29592 | Orc:3    | You fall through a shaft!
 29592 | Orc:4    | Entered Level 4 of the Orcish Mines
 29606 | Orc:4    | Found a dark tunnel.
 29638 | Volcano  | Entered a volcano
 29677 | Volcano  | Received a gift from Sif Muna
 29678 | Volcano  | Identified Sif Muna's Grimoire of Talismans (Sif Muna gifted it to you in a volcano)
 30215 | Orc:4    | Found Abeac's Food Emporium.
 30217 | Orc:4    | Found Mokyem Gani's Distillery.
 30229 | Orc:4    | Reached skill level 10 in Charms
 30419 | Orc:4    | Identified a scroll of acquirement
 30420 | Orc:4    | Got a pitted hat
 30431 | Orc:4    | Identified the +2 hat "Poipicel" {rElec rC+++} (You acquired it on level 4 of the Orcish Mines)
 30765 | Orc:4    | Found a staircase to the Elven Halls.
 31473 | Orc:4    | Reached XP level 15. HP: 58/84 MP: 31/34
 31478 | Orc:4    | Found Hockix's Antique Armour Shop.
 31478 | Orc:4    | Found a one-way gate leading to the halls of Pandemonium.
 31478 | Orc:4    | Found Zomutok's Gadget Boutique.
 31834 | Swamp:1  | Entered Level 1 of the Swamp
 32182 | Swamp:1  | Received a gift from Sif Muna
 32183 | Swamp:1  | Identified Sif Muna's Volume of Air (Sif Muna gifted it to you on level 1 of the Swamp)
 32508 | Lair:1   | Learned a level 6 spell: Deflect Missiles
 32516 | Lair:1   | Learned a level 4 spell: Fulminant Prism
 32637 | Swamp:1  | Noticed a thorn hunter
 32644 | Swamp:1  | Killed a thorn hunter
 32891 | Swamp:1  | Noticed Aizul
 32901 | Swamp:1  | Killed Aizul
 33162 | Swamp:1  | Noticed a thorn hunter
 33175 | Swamp:1  | Killed a thorn hunter
 33175 | Swamp:1  | Reached skill level 15 in Spellcasting
 33605 | Swamp:2  | Reached skill level 10 in Bows
 33965 | Swamp:2  | Received a gift from Sif Muna
 33977 | Swamp:2  | Identified Sif Muna's Compendium of Battle Magic (Sif Muna gifted it to you on level 2 of the Swamp)
 34629 | Swamp:3  | Noticed Louise
 34843 | Swamp:3  | Noticed a thorn hunter
 34849 | Swamp:3  | Killed a thorn hunter
 34849 | Swamp:3  | Reached skill level 1 in Necromancy
 35059 | Swamp:3  | Killed Louise
 35412 | Swamp:4  | Entered Level 4 of the Swamp
 35702 | Swamp:4  | Noticed a thorn hunter
 35884 | Swamp:4  | Killed a thorn hunter
 35884 | Swamp:4  | Received a gift from Sif Muna
 35884 | Swamp:4  | Reached XP level 16. HP: 30/90 MP: 35/36
 36318 | Swamp:4  | Identified Sif Muna's Collected Works on the Birds and Confrontation (Sif Muna gifted it to you on level 4 of the Swamp)
 36324 | Swamp:4  | Learned a level 4 spell: Airstrike
 36571 | Swamp:4  | Reached skill level 16 in Spellcasting
 36893 | Swamp:4  | HP: 1/90 [six-headed hydra (9)]
 37259 | Swamp:4  | Noticed a thorn hunter
 37264 | Swamp:4  | Killed a thorn hunter
 37548 | Swamp:4  | Noticed a thorn hunter
 37579 | Swamp:4  | Killed a thorn hunter
 37582 | Swamp:4  | Slain by a seven-headed hydra

Vault maps used:
D:1:      dpeg_arrival_concentric_ovals, corner_web_ring
D:2:      kennysheep_six_static_rooms, lemuel_round_altar
D:3:      lemuel_round_altar, gammafunk_temple_overflow_elements, first_bread
D:4:      nicolae_dithmenos_through_a_glass_darkly, lemuel_doored_altar,
          enter_ossuary_1
D:5:      evilmike_ruin_ashenzari, kennysheep_mini, lemuel_round_altar,
          gup_sewer_entry_bowl, minmay_crystal_water
D:6:      lemuel_temple_firewalk_marked, yredelemnul_altar_generic
D:7:      grunt_livestock, lemuel_flame_loot_1, uniq_joseph
D:8:      lemuel_round_altar, minivault_14
D:9:      minmay_separated_statues, overflow_temple_1_default, minivault_13,
          uniq_erolcha
D:10:     lair_0_dummy, nemelex_diamond_rough_becter, uniq_fannar
D:11:     statuecave_lemuel, minmay_orc_entry_guard_dogs, serial_shops, shop,
          uniq_harold, uniq_erica, uniq_sonja
D:12:     minmay_more_statues
Temple:   temple_eino_lava_8
Lair:2:   wad_woods_tower, uniq_urug
Lair:4:   spider_nest_entry_webs, serial_bayou_pond_e
Lair:5:   minmay_swamp_entry_reptiles, kennysheep_catoblepas_arena
Lair:6:   minivault_25, serial_bayou_shore_b
Lair:7:   slime_altar_1
Lair:8:   evil_forest
Swamp:1:  nicolae_swamp_dense_foliage, uniq_aizul
Swamp:2:  hangedman_swamp_pad
Swamp:3:  evilmike_swamp_ruin_house_4, infiniplex_staircase_pool, uniq_louise
Swamp:4:  swamp
Orc:1:    serial_shops, shop
Orc:2:    trog_butcher_becter
Orc:3:    nicolae_orc_pool_cavern
Orc:4:    pf_orc_diabolical, lab_entry_generic, enter_volcano_4, mines3_lemuel
Sewer:    sewer_co_tree
Ossuary:  ossuary_minmay_tomb_2a
Volcano:  volcano_pools

Action                   |  1- 3 |  4- 6 |  7- 9 | 10-12 | 13-15 | 16-18 || total
-------------------------+-------+-------+-------+-------+-------+-------++-------
Melee: Dagger            |    18 |    18 |    18 |   223 |   347 |       ||   624
 Fire: Shortbow          |       |       |   131 |   388 |   254 |    30 ||   803
       Blowgun           |       |       |    11 |    28 |    15 |       ||    54
 Cast: Shock             |    91 |   133 |   289 |   327 |   776 |    24 ||  1640
       Repel Missiles    |     1 |       |     3 |     1 |     1 |       ||     6
       Sting             |       |     3 |    14 |     7 |     2 |       ||    26
       Static Discharge  |       |       |    20 |    78 |    14 |       ||   112
       Mephitic Cloud    |       |       |    20 |   111 |   133 |     3 ||   267
       Cure Poison       |       |       |     1 |     3 |       |       ||     4
       Swiftness         |       |       |       |    12 |     6 |       ||    18
       Lightning Bolt    |       |       |       |    11 |     4 |       ||    15
       Iskenderun's Myst |       |       |       |    23 |   304 |    10 ||   337
       Regeneration      |       |       |       |     3 |    52 |     2 ||    57
       Shroud of Golubri |       |       |       |     1 |    53 |     2 ||    56
       Summon Lightning  |       |       |       |       |    59 |     2 ||    61
       Conjure Flame     |       |       |       |       |     1 |       ||     1
       Iskenderun's Batt |       |       |       |       |   155 |    19 ||   174
       Deflect Missiles  |       |       |       |       |     2 |       ||     2
       Airstrike         |       |       |       |       |       |    61 ||    61
Invok: Channel Energy    |       |       |       |   173 |   568 |     2 ||   743
Evoke: Wand              |       |       |       |       |     2 |     2 ||     4
       Fan of gales      |       |       |       |       |     1 |       ||     1
  Use: Scroll            |     5 |    13 |    10 |     6 |    17 |     3 ||    54
       Potion            |       |     2 |     3 |     1 |     7 |     2 ||    15
 Stab: Sleeping          |       |     1 |     1 |     1 |     2 |       ||     5
       Confused          |       |       |     3 |    20 |    45 |       ||    68
  Eat: Chunk             |     5 |     5 |    18 |    56 |   133 |     2 ||   219
       Beef jerky        |       |     1 |     1 |       |       |       ||     2
       Royal jelly       |       |       |     1 |       |     1 |       ||     2
       Fruit             |       |       |     1 |       |       |       ||     1
       Bread ration      |       |       |       |       |     2 |     1 ||     3
